Boston Bruins vs Detroit Red Wings
Created - Thursday, March 20, 2025 at 08:16
Goals
|
| Boston Bruins |
1 |
1 |
2 |
4 |
| Detroit Red Wings |
1 |
2 |
0 |
3 |
|
Shots
|
| Boston Bruins |
11 |
9 |
13 |
33 |
| Detroit Red Wings |
9 |
11 |
10 |
30 |
|
1st period
1. Detroit Red Wings , Mika Zibanejad 18 (Jeff Petry 5, Matthew Boldy 18) at 2:02 (PP)
2. Boston Bruins , Eetu Luostarinen 4 (John-Jason Peterka 10, Ty Emberson 3) at 9:13
Penalties :
Evander Kane (BOS) for High sticking (Minor) at 1:19, Zachary Werenski (DET) for High sticking (Minor) at 9:16, Yegor Zamula (BOS) for Interference (Minor) at 17:06
2nd period
3. Boston Bruins , Matthew Beniers 5 (Anders Lee 8) at 15:53
4. Detroit Red Wings , Matthew Boldy 13 (Jeff Petry 6, Carter Verhaeghe 20) at 17:24
5. Detroit Red Wings , Mika Zibanejad 19 (Carter Verhaeghe 21) at 17:56 (PP)
Penalties :
MacKenzie Weegar (DET) for Roughing (Minor) at 6:30, Jeff Petry (DET) for Tripping (Minor) at 9:06, Ryan Lindgren (BOS) for Elbowing (Minor) at 10:17, Vincent Trocheck (BOS) for Roughing (Minor) at 17:31
3rd period
6. Boston Bruins , Morgan Geekie 6 (Matthew Beniers 5) at 12:31
7. Boston Bruins , Alex Newhook 10 (Vincent Trocheck 26) at 17:19 (PP)
Penalties :
Vincent Trocheck (BOS) for Tripping (Minor) at 4:02, Anders Lee (BOS) for Slashing (Minor) at 14:32, Steven Stamkos (DET) for High sticking (Double Minor) at 15:57
Goalie Stats
Petr Mrazek (BOS), 27 saves from 30 shots - (0.900), W, 12-6-1, 60:00 minutes
Laurent Brossoit (DET), 29 saves from 33 shots - (0.879), L, 4-3-3, 59:21 minutes
Players Stats for Boston Bruins
Player Name G A P +/- PIM S H SB GA TA FO MP PP MP PK MP
------------------------------------------------------------------------------------
Alex Newhook 1 0 1 0 0 3 1 0 0 0 1/1 16:05 3:37 0:10
Anders Lee 0 1 1 2 2 3 1 0 0 0 0/0 11:47 0:42 0:03
Andrew Copp 0 0 0 -1 0 3 0 0 0 1 12/20 19:46 3:37 3:53
Angus Crookshank 0 0 0 1 0 2 0 1 0 0 0/0 7:49 0:00 0:00
Connor Clifton 0 0 0 0 0 0 0 4 1 0 0/0 23:46 3:52 4:03
Eetu Luostarinen 1 0 1 1 0 3 1 0 0 0 1/4 7:49 0:00 0:00
Evander Kane 0 0 0 -1 2 1 1 0 0 1 0/0 15:19 3:37 0:00
Joel Farabee 0 0 0 -1 0 6 2 0 3 1 1/2 20:25 4:19 3:46
John Ludvig 0 0 0 0 0 0 1 0 0 0 0/0 13:34 0:42 0:00
John-Jason Peterka 0 1 1 1 0 3 0 0 1 0 0/0 7:49 0:00 0:00
Matthew Beniers 1 1 2 2 0 1 1 1 1 0 2/4 11:07 0:11 0:00
Morgan Geekie 1 0 1 2 0 1 2 0 1 0 0/0 11:49 0:00 0:55
Ryan Lindgren 0 0 0 2 2 1 2 1 0 0 0/0 23:35 3:21 3:39
Ryan Strome 0 0 0 0 0 1 1 2 1 1 1/6 20:49 4:08 3:46
Torey Krug 0 0 0 2 0 0 1 2 0 0 0/0 25:10 4:04 4:22
Ty Emberson 0 1 1 0 0 0 1 2 0 1 0/0 22:50 3:52 3:20
Vincent Trocheck 0 1 1 0 4 4 2 1 0 0 9/16 20:02 3:37 2:51
Yegor Zamula 0 0 0 0 2 1 0 0 0 0 0/0 11:19 0:00 0:00
Players Stats for Detroit Red Wings
Player Name G A P +/- PIM S H SB GA TA FO MP PP MP PK MP
------------------------------------------------------------------------------------
Brendan Gallagher 0 0 0 -1 0 2 0 0 1 0 0/0 8:07 0:00 0:00
Carter Verhaeghe 0 2 2 0 0 3 0 1 1 1 1/3 17:56 4:50 0:12
Christian Fischer 0 0 0 -1 0 1 0 1 0 0 0/0 14:16 0:00 3:43
Daniel Sprong 0 0 0 -1 0 0 0 1 0 0 0/0 10:55 0:00 0:10
Jackson LaCombe 0 0 0 0 0 0 0 1 0 1 0/0 17:27 1:11 3:40
Jared McCann 0 0 0 0 0 0 1 1 0 0 1/1 15:23 2:52 0:06
Jeff Petry 0 2 2 -1 2 0 0 2 0 0 0/0 16:32 4:00 0:10
Keegan Kolesar 0 0 0 -1 0 0 0 0 0 0 0/0 12:48 0:00 3:48
Kevin Stenlund 0 0 0 -1 0 1 2 0 0 0 2/5 12:04 0:00 3:45
MacKenzie Weegar 0 0 0 -1 2 0 4 1 1 2 0/0 25:52 3:42 2:56
Matthew Boldy 1 1 2 0 0 8 2 0 0 1 0/0 15:20 3:39 0:00
Mika Zibanejad 2 0 2 0 0 5 0 1 0 0 14/30 21:39 4:50 3:55
Patrick Kane 0 0 0 0 0 1 2 0 1 0 0/0 14:36 2:52 0:00
Shayne Gostisbehere 0 0 0 -1 0 2 1 3 0 0 0/0 20:05 4:53 2:06
Steven Stamkos 0 0 0 0 4 4 1 0 1 0 6/10 15:40 2:51 0:13
Tyler Johnson 0 0 0 -1 0 2 1 0 0 1 2/4 10:33 0:00 0:00
Zach Bogosian 0 0 0 0 0 0 2 0 0 2 0/0 16:27 0:00 4:04
Zachary Werenski 0 0 0 -1 2 1 3 0 0 0 0/0 24:58 2:49 2:56
3 Stars
1 - Matthew Beniers (BOS)
2 - Mika Zibanejad (DET)
3 - Morgan Geekie (BOS)
Power Play
Boston Bruins - 1 on 5 Attempt(s) - 20.00%
Detroit Red Wings - 2 on 6 Attempt(s) - 33.33%
Penalty Kill
Boston Bruins - 4 on 6 Attempt(s) - 66.67%
- Score 0 goal in Penalty Kill
Detroit Red Wings - 4 on 5 Attempt(s) - 80.00%
- Score 0 goal in Penalty Kill
Team Stat
Boston Bruins - Hits : 17 - Faceoff Wins : 27 - Blocked Shots : 14 - Penalty Minutes : 12
Detroit Red Wings - Hits : 19 - Faceoff Wins : 26 - Blocked Shots : 12 - Penalty Minutes : 10
Official
Referees : Wes Mccauley and Beaudry Halkidis
Linesman : Kilian McNamara and Travis Toomey
Game Notes
No Game Note
Finance
Level 1 -- Attendance: 4556 (75.93%) -- Ticket Income $455,600
Level 2 -- Attendance: 4021 (80.42%) -- Ticket Income $241,260
Level 3 -- Attendance: 2254 (75.13%) -- Ticket Income $78,890
Level 4 -- Attendance: 4019 (80.38%) -- Ticket Income $100,475
Luxury Box -- Attendance: 818 (81.80%) -- Ticket Income $163,600
Game was played at the Joe Louis Arena.
Total Attendance: 15668 (78.34%)
Total Ticket Income: $1,039,825
Other Income: $363,939
Total Income: $1,403,764
Boston Bruins
5 vs 5 Forward
Center Left Wing Right Wing Time % Phy DF OF
1 Vincent Trocheck Alex Newhook Ryan Strome 30 1 2 2
2 Andrew Copp Evander Kane Joel Farabee 30 1 2 2
3 Matthew Beniers Anders Lee Morgan Geekie 25 1 2 2
4 Eetu Luostarinen Angus Crookshank John-Jason Peterka 15 1 2 2
5 vs 5 Defense
Defense Defense Time % Phy DF OF
1 Torey Krug Ryan Lindgren 30 1 2 2
2 Connor Clifton Ty Emberson 30 1 2 2
3 Yegor Zamula John Ludvig 25 1 2 2
4 Torey Krug Ryan Lindgren 15 1 2 2
PowerPlay Forward
Center Left Wing Right Wing Time % Phy DF OF
1 Vincent Trocheck Alex Newhook Ryan Strome 50 1 2 2
2 Andrew Copp Evander Kane Joel Farabee 50 1 2 2
PowerPlay Defense
Defense Defense Time % Phy DF OF
1 Torey Krug Ryan Lindgren 50 1 2 2
2 Connor Clifton Ty Emberson 50 1 2 2
Penalty Kill 4 Players Forward
Center Wing Time % Phy DF OF
1 Vincent Trocheck Andrew Copp 50 1 2 2
2 Ryan Strome Joel Farabee 50 1 2 2
Penalty Kill 4 Players Defense
Defense Defense Time % Phy DF OF
1 Torey Krug Ryan Lindgren 50 1 2 2
2 Connor Clifton Ty Emberson 50 1 2 2
Penalty Kill - 3 Players Forward
Forward Time % Phy DF OF
1 Vincent Trocheck 50 1 2 2
2 Ryan Strome 50 1 2 2
Penalty Kill - 3 Players Defense
Defense Defense Time % Phy DF OF
1 Torey Krug Ryan Lindgren 50 1 2 2
2 Connor Clifton Ty Emberson 50 1 2 2
4 vs 4 Forward
Center Wing Time % Phy DF OF
1 Vincent Trocheck Anders Lee 50 1 2 2
2 Ryan Strome Joel Farabee 50 1 2 2
4 vs 4 Defense
Defense Defense Time % Phy DF OF
1 Torey Krug John Ludvig 50 1 2 2
2 Connor Clifton Ty Emberson 50 1 2 2
Last Minutes Offensive
Center Left Wing Right Wing Defense Defense
Vincent Trocheck Alex Newhook Ryan Strome Torey Krug Ryan Lindgren
Last Minutes Defensive
Center Left Wing Right Wing Defense Defense
Vincent Trocheck Alex Newhook Ryan Strome Torey Krug Ryan Lindgren
Goaltenders
Starting : Petr Mrazek
Backup : Pyotr Kochetkov
Extra Forwards
Normal : Matthew Beniers, Anders Lee, Morgan Geekie - PP : Matthew Beniers, Anders Lee - PK : Morgan Geekie
Extra Defensemen
Normal : Torey Krug, John Ludvig, Connor Clifton - PP : Torey Krug - PK : John Ludvig, Connor Clifton
Penalty Shots
Vincent Trocheck, Matthew Beniers, Ryan Strome, Joel Farabee, Andrew Copp
Scratches
Anthony Beauvillier (Healthy), Drew O'Connor (Healthy), Alex Vlasic (Healthy), Beck Malenstyn (Healthy), Viktor Arvidsson (Healthy)
Detroit Red Wings
5 vs 5 Forward
Center Left Wing Right Wing Time % Phy DF OF
1 Mika Zibanejad Carter Verhaeghe Matthew Boldy 35 1 2 2
2 Steven Stamkos Jared McCann Patrick Kane 35 1 1 3
3 Tyler Johnson Daniel Sprong Christian Fischer 20 1 2 2
4 Kevin Stenlund Brendan Gallagher Keegan Kolesar 10 2 2 1
5 vs 5 Defense
Defense Defense Time % Phy DF OF
1 Zachary Werenski MacKenzie Weegar 40 1 2 2
2 Shayne Gostisbehere Jeff Petry 30 1 2 2
3 Jackson LaCombe Zach Bogosian 20 3 1 1
4 Jackson LaCombe MacKenzie Weegar 10 1 2 2
PowerPlay Forward
Center Left Wing Right Wing Time % Phy DF OF
1 Steven Stamkos Jared McCann Patrick Kane 50 0 1 4
2 Mika Zibanejad Carter Verhaeghe Matthew Boldy 50 0 1 4
PowerPlay Defense
Defense Defense Time % Phy DF OF
1 Shayne Gostisbehere MacKenzie Weegar 50 1 2 2
2 Zachary Werenski Jeff Petry 50 1 2 2
Penalty Kill 4 Players Forward
Center Wing Time % Phy DF OF
1 Mika Zibanejad Christian Fischer 50 2 2 1
2 Kevin Stenlund Keegan Kolesar 50 2 2 1
Penalty Kill 4 Players Defense
Defense Defense Time % Phy DF OF
1 Jackson LaCombe MacKenzie Weegar 50 2 2 1
2 Zach Bogosian Zachary Werenski 50 2 2 1
Penalty Kill - 3 Players Forward
Forward Time % Phy DF OF
1 Mika Zibanejad 50 1 2 2
2 Steven Stamkos 50 1 2 2
Penalty Kill - 3 Players Defense
Defense Defense Time % Phy DF OF
1 Jackson LaCombe MacKenzie Weegar 50 1 2 2
2 Zachary Werenski Jeff Petry 50 2 2 1
4 vs 4 Forward
Center Wing Time % Phy DF OF
1 Mika Zibanejad Carter Verhaeghe 60 1 2 2
2 Steven Stamkos Matthew Boldy 40 1 1 3
4 vs 4 Defense
Defense Defense Time % Phy DF OF
1 Zachary Werenski MacKenzie Weegar 60 1 2 2
2 Jackson LaCombe Jeff Petry 40 1 2 2
Last Minutes Offensive
Center Left Wing Right Wing Defense Defense
Mika Zibanejad Steven Stamkos Matthew Boldy Zachary Werenski MacKenzie Weegar
Last Minutes Defensive
Center Left Wing Right Wing Defense Defense
Mika Zibanejad Steven Stamkos Matthew Boldy Zachary Werenski MacKenzie Weegar
Goaltenders
Starting : Laurent Brossoit
Backup : Calvin Pickard
Extra Forwards
Normal : Patrick Kane, Christian Fischer, Daniel Sprong - PP : Kevin Stenlund, Daniel Sprong - PK : Steven Stamkos
Extra Defensemen
Normal : Shayne Gostisbehere, Jackson LaCombe, Zach Bogosian - PP : Shayne Gostisbehere - PK : Shayne Gostisbehere, Jackson LaCombe
Penalty Shots
Mika Zibanejad, Steven Stamkos, Matthew Boldy, Carter Verhaeghe, Jared McCann
Scratches
Alexander Barabanov (Healthy), Kevin Shattenkirk (Healthy), Raphael Lavoie (Healthy), Yakov Trenin (Healthy), Vitek Vanecek (Healthy)
% Time on Ice - Boston Bruins
Lines # - Real PCT - Wanted PCT - Time Play
Normal Forward
1 - 30% - 30% - 12:51
2 - 28% - 30% - 11:43
3 - 23% - 25% - 9:56
4 - 18% - 15% - 7:49
Normal Defense
1 - 30% - 30% - 12:30
2 - 34% - 30% - 14:27
3 - 26% - 25% - 11:09
4 - 10% - 15% - 4:13
PP Forward
1 - 46% - 50% - 3:37
2 - 54% - 50% - 4:19
PP Defense
1 - 51% - 50% - 4:04
2 - 49% - 50% - 3:52
PK Forward
1 - 51% - 50% - 3:56
2 - 49% - 50% - 3:46
PK Defense
1 - 57% - 50% - 4:22
2 - 43% - 50% - 3:20
PK3 Forward
1 - 0% - 50%
2 - 0% - 50%
PK3 Defense
1 - 0% - 50%
2 - 0% - 50%
44 Forward
1 - 55% - 50% - 0:45
2 - 45% - 50% - 0:37
44 Defense
1 - 63% - 50% - 0:52
2 - 37% - 50% - 0:30
Last Minute Offensive - 0:00
Last Minute Defensive - 0:41
Total
Forward - 60:00
Defense - 60:00
|
% Time on Ice - Detroit Red Wings
Lines # - Real PCT - Wanted PCT - Time Play
Normal Forward
1 - 27% - 35% - 11:45
2 - 30% - 35% - 12:52
3 - 25% - 20% - 10:33
4 - 18% - 10% - 7:50
Normal Defense
1 - 39% - 40% - 16:50
2 - 32% - 30% - 13:46
3 - 25% - 20% - 10:53
4 - 4% - 10% - 1:31
PP Forward
1 - 53% - 50% - 4:03
2 - 47% - 50% - 3:39
PP Defense
1 - 48% - 50% - 3:42
2 - 52% - 50% - 4:00
PK Forward
1 - 49% - 50% - 3:55
2 - 51% - 50% - 4:01
PK Defense
1 - 49% - 50% - 3:52
2 - 51% - 50% - 4:04
PK3 Forward
1 - 0% - 50%
2 - 0% - 50%
PK3 Defense
1 - 0% - 50%
2 - 0% - 50%
44 Forward
1 - 87% - 60% - 1:11
2 - 13% - 40% - 0:11
44 Defense
1 - 74% - 60% - 1:01
2 - 26% - 40% - 0:21
Last Minute Offensive - 0:00
Last Minute Defensive - 0:00
Total
Forward - 60:00
Defense - 60:00
|
Play-by-Play
1st period
0:01 of 1st period - Vincent Trocheck wins face-off versus Mika Zibanejad in neutral zone.
0:38 of 1st period - Wrist shot by Tyler Johnson.
0:38 of 1st period - Stopped by Petr Mrazek with a rebound.
1:11 of 1st period - Snap shot by Patrick Kane.
1:11 of 1st period - Shot Misses the Net.
1:13 of 1st period - Slapshot by Jackson LaCombe.
1:13 of 1st period - Shot Blocked by Ty Emberson.
1:15 of 1st period - Slapshot by Zach Bogosian.
1:15 of 1st period - Deflect By Jared McCann.
1:15 of 1st period - Shot Blocked by Ty Emberson.
1:15 of 1st period - Puck is out of play.
1:16 of 1st period - Andrew Copp wins face-off versus Steven Stamkos in Boston Bruins zone.
1:16 of 1st period - Andrew Copp is hit by MacKenzie Weegar.
1:19 of 1st period - Minor Penalty to Evander Kane for High sticking.
1:20 of 1st period - Andrew Copp wins face-off versus Steven Stamkos in Boston Bruins zone.
1:58 of 1st period - Snap shot by Matthew Boldy.
1:58 of 1st period - Shot Misses the Net.
2:00 of 1st period - Snap shot by Jeff Petry.
2:00 of 1st period - Shot Blocked by Ryan Strome.
2:02 of 1st period - Snap shot by Mika Zibanejad.
2:02 of 1st period - Goal by Mika Zibanejad - Boston Bruins : 0 - Detroit Red Wings : 1.
2:03 of 1st period - Mika Zibanejad wins face-off versus Matthew Beniers in neutral zone.
2:08 of 1st period - Wrist shot by Carter Verhaeghe.
2:08 of 1st period - Stopped by Petr Mrazek with a rebound.
2:28 of 1st period - Andrew Copp is hit by MacKenzie Weegar and loses puck.
6:12 of 1st period - Snap shot by Mika Zibanejad.
6:12 of 1st period - Stopped by Petr Mrazek with a rebound.
6:32 of 1st period - Snap shot by Brendan Gallagher.
6:32 of 1st period - Stopped by Petr Mrazek without a rebound.
6:33 of 1st period - Andrew Copp wins face-off versus Steven Stamkos in Boston Bruins zone.
6:58 of 1st period - Jeff Petry is hit by John Ludvig and loses puck.
7:09 of 1st period - Snap shot by Matthew Boldy.
7:09 of 1st period - Stopped by Petr Mrazek with a rebound.
7:43 of 1st period - Wrist shot by Joel Farabee.
7:43 of 1st period - Shot Blocked by Jackson LaCombe.
8:02 of 1st period - Slapshot by Brendan Gallagher.
8:02 of 1st period - Stopped by Petr Mrazek without a rebound.
8:03 of 1st period - Kevin Stenlund wins face-off versus Eetu Luostarinen in Boston Bruins zone.
8:14 of 1st period - Jeff Petry is hit by Torey Krug and loses puck.
8:19 of 1st period - Wrist shot by John-Jason Peterka.
8:19 of 1st period - Stopped by Laurent Brossoit with a rebound.
8:21 of 1st period - Snap shot by Eetu Luostarinen.
8:21 of 1st period - Stopped by Laurent Brossoit with a rebound.
8:23 of 1st period - Snap shot by Eetu Luostarinen.
8:23 of 1st period - Stopped by Laurent Brossoit with a rebound.
8:25 of 1st period - Slapshot by Connor Clifton.
8:25 of 1st period - Deflect By John-Jason Peterka.
8:25 of 1st period - Stopped by Laurent Brossoit with a rebound.
8:27 of 1st period - Slapshot by Connor Clifton.
8:27 of 1st period - Shot Blocked by Jeff Petry.
8:51 of 1st period - Snap shot by Eetu Luostarinen.
8:51 of 1st period - Shot Misses the Net.
8:53 of 1st period - Snap shot by Ryan Lindgren.
8:53 of 1st period - Deflect By Jeff Petry.
8:53 of 1st period - Stopped by Laurent Brossoit with a rebound.
8:55 of 1st period - Wrist shot by Eetu Luostarinen.
8:55 of 1st period - Shot Misses the Net.
8:57 of 1st period - Slapshot by Ryan Lindgren.
8:57 of 1st period - Deflect By John-Jason Peterka.
8:57 of 1st period - Stopped by Laurent Brossoit with a rebound.
9:07 of 1st period - Slapshot by Angus Crookshank.
9:07 of 1st period - Stopped by Laurent Brossoit with a rebound.
9:13 of 1st period - Snap shot by Eetu Luostarinen.
9:13 of 1st period - Goal by Eetu Luostarinen - Boston Bruins : 1 - Detroit Red Wings : 1.
9:14 of 1st period - Steven Stamkos wins face-off versus Andrew Copp in neutral zone.
9:16 of 1st period - Minor Penalty to Zachary Werenski for High sticking.
9:17 of 1st period - Vincent Trocheck wins face-off versus Mika Zibanejad in Detroit Red Wings zone.
9:21 of 1st period - Wrist shot by Alex Newhook.
9:21 of 1st period - Stopped by Laurent Brossoit with a rebound.
9:43 of 1st period - Andrew Copp is hit by Kevin Stenlund and loses puck.
10:01 of 1st period - Off-side.
10:02 of 1st period - Alex Newhook wins face-off versus Kevin Stenlund in neutral zone.
11:16 of 1st period - Penalty to Zachary Werenski is over, Zachary Werenski is back on ice.
11:30 of 1st period - Snap shot by Shayne Gostisbehere.
11:30 of 1st period - Deflect By Morgan Geekie.
11:30 of 1st period - Stopped by Petr Mrazek with a rebound.
13:04 of 1st period - Icing by Mika Zibanejad.
13:05 of 1st period - Vincent Trocheck wins face-off versus Mika Zibanejad in Detroit Red Wings zone.
13:24 of 1st period - Jackson LaCombe is hit by Alex Newhook and loses puck.
14:06 of 1st period - Wrist shot by Anders Lee.
14:06 of 1st period - Stopped by Laurent Brossoit without a rebound.
14:07 of 1st period - Vincent Trocheck wins face-off versus Tyler Johnson in Detroit Red Wings zone.
14:14 of 1st period - Wrist shot by Ryan Strome.
14:14 of 1st period - Shot Misses the Net.
14:34 of 1st period - Andrew Copp is hit by MacKenzie Weegar.
14:42 of 1st period - Wrist shot by Andrew Copp.
14:42 of 1st period - Shot Misses the Net.
14:44 of 1st period - Wrist shot by Joel Farabee.
14:44 of 1st period - Stopped by Laurent Brossoit with a rebound.
15:06 of 1st period - Snap shot by Patrick Kane.
15:06 of 1st period - Shot Misses the Net.
15:08 of 1st period - Slapshot by Zachary Werenski.
15:08 of 1st period - Deflect By Steven Stamkos.
15:08 of 1st period - Stopped by Petr Mrazek with a rebound.
15:42 of 1st period - Snap shot by Vincent Trocheck.
15:42 of 1st period - Shot Misses the Net.
17:06 of 1st period - Minor Penalty to Yegor Zamula for Interference.
17:07 of 1st period - Andrew Copp wins face-off versus Mika Zibanejad in Boston Bruins zone.
17:42 of 1st period - Joel Farabee is hit by Steven Stamkos and loses puck.
19:06 of 1st period - Penalty to Yegor Zamula is over, Yegor Zamula is back on ice.
19:22 of 1st period - Snap shot by Matthew Beniers.
19:22 of 1st period - Shot Misses the Net.
19:24 of 1st period - Snap shot by Yegor Zamula.
19:24 of 1st period - Shot Blocked by Daniel Sprong.
Goals for this period are 1 for Boston Bruins vs 1 for Detroit Red Wings.
Shots for this period are 11 for Boston Bruins vs 9 for Detroit Red Wings.
2nd period
0:01 of 2nd period - Mika Zibanejad wins face-off versus Andrew Copp in neutral zone.
0:06 of 2nd period - Backhand shot by Joel Farabee.
0:06 of 2nd period - Shot Blocked by Carter Verhaeghe.
0:08 of 2nd period - Slapshot by Ryan Lindgren.
0:08 of 2nd period - Deflect By Andrew Copp.
0:08 of 2nd period - Shot Misses the Net.
0:08 of 2nd period - Puck is out of play.
0:09 of 2nd period - Mika Zibanejad wins face-off versus Andrew Copp in Detroit Red Wings zone.
0:58 of 2nd period - Wrist shot by Andrew Copp.
0:58 of 2nd period - Shot Blocked by MacKenzie Weegar.
1:00 of 2nd period - Snap shot by Evander Kane.
1:00 of 2nd period - Stopped by Laurent Brossoit with a rebound.
1:02 of 2nd period - Wrist shot by Andrew Copp.
1:02 of 2nd period - Stopped by Laurent Brossoit without a rebound.
1:03 of 2nd period - Steven Stamkos wins face-off versus Vincent Trocheck in Detroit Red Wings zone.
1:08 of 2nd period - Wrist shot by Patrick Kane.
1:08 of 2nd period - Shot Misses the Net.
1:53 of 2nd period - Kevin Stenlund is hit by Eetu Luostarinen and loses puck.
2:02 of 2nd period - Brendan Gallagher is hit by Ryan Lindgren and loses puck.
2:13 of 2nd period - Brendan Gallagher is hit by Vincent Trocheck and loses puck.
3:00 of 2nd period - Slapshot by Patrick Kane.
3:00 of 2nd period - Shot Blocked by Connor Clifton.
3:18 of 2nd period - Snap shot by Mika Zibanejad.
3:18 of 2nd period - Deflect By John-Jason Peterka.
3:18 of 2nd period - Stopped by Petr Mrazek without a rebound.
3:19 of 2nd period - Mika Zibanejad wins face-off versus Eetu Luostarinen in Boston Bruins zone.
3:20 of 2nd period - Snap shot by Carter Verhaeghe.
3:20 of 2nd period - Deflect By Yegor Zamula.
3:20 of 2nd period - Shot Blocked by Angus Crookshank.
3:20 of 2nd period - Puck is out of play.
3:21 of 2nd period - Mika Zibanejad wins face-off versus Eetu Luostarinen in Boston Bruins zone.
3:40 of 2nd period - Snap shot by John-Jason Peterka.
3:40 of 2nd period - Shot Misses the Net.
3:43 of 2nd period - Icing by Jeff Petry.
3:44 of 2nd period - Andrew Copp wins face-off versus Mika Zibanejad in Detroit Red Wings zone.
4:36 of 2nd period - Tyler Johnson is hit by Matthew Beniers and loses puck.
5:15 of 2nd period - Wrist shot by Mika Zibanejad.
5:15 of 2nd period - Shot Misses the Net.
5:31 of 2nd period - Snap shot by Vincent Trocheck.
5:31 of 2nd period - Stopped by Laurent Brossoit with a rebound.
6:07 of 2nd period - Snap shot by Matthew Boldy.
6:07 of 2nd period - Stopped by Petr Mrazek without a rebound.
6:08 of 2nd period - Andrew Copp wins face-off versus Mika Zibanejad in Boston Bruins zone.
6:08 of 2nd period - Andrew Copp is hit by MacKenzie Weegar.
6:30 of 2nd period - Minor Penalty to MacKenzie Weegar for Roughing.
6:31 of 2nd period - Andrew Copp wins face-off versus Kevin Stenlund in Detroit Red Wings zone.
7:02 of 2nd period - Slapshot by Ryan Strome.
7:02 of 2nd period - Shot Blocked by Mika Zibanejad.
8:30 of 2nd period - Penalty to MacKenzie Weegar is over, MacKenzie Weegar is back on ice.
8:35 of 2nd period - Jackson LaCombe is hit by Morgan Geekie and loses puck.
8:42 of 2nd period - Snap shot by Morgan Geekie.
8:42 of 2nd period - Shot Misses the Net.
8:44 of 2nd period - Slapshot by John Ludvig.
8:44 of 2nd period - Shot Misses the Net.
8:46 of 2nd period - Slapshot by Yegor Zamula.
8:46 of 2nd period - Deflect By Steven Stamkos.
8:46 of 2nd period - Stopped by Laurent Brossoit with a rebound.
9:02 of 2nd period - Wrist shot by Angus Crookshank.
9:02 of 2nd period - Stopped by Laurent Brossoit without a rebound.
9:03 of 2nd period - Eetu Luostarinen wins face-off versus Mika Zibanejad in Detroit Red Wings zone.
9:04 of 2nd period - Snap shot by John-Jason Peterka.
9:04 of 2nd period - Shot Blocked by Jeff Petry.
9:06 of 2nd period - Minor Penalty to Jeff Petry for Tripping.
9:07 of 2nd period - Andrew Copp wins face-off versus Mika Zibanejad in Detroit Red Wings zone.
9:14 of 2nd period - Snap shot by Joel Farabee.
9:14 of 2nd period - Stopped by Laurent Brossoit without a rebound.
9:15 of 2nd period - Andrew Copp wins face-off versus Mika Zibanejad in Detroit Red Wings zone.
10:17 of 2nd period - Minor Penalty to Ryan Lindgren for Elbowing.
10:18 of 2nd period - Mika Zibanejad wins face-off versus Vincent Trocheck in Boston Bruins zone.
10:56 of 2nd period - Matthew Boldy is hit by Joel Farabee and loses puck.
11:06 of 2nd period - Penalty to Jeff Petry is over, Jeff Petry is back on ice.
11:30 of 2nd period - Snap shot by Mika Zibanejad.
11:30 of 2nd period - Shot Blocked by Connor Clifton.
12:17 of 2nd period - Penalty to Ryan Lindgren is over, Ryan Lindgren is back on ice.
12:23 of 2nd period - Wrist shot by Mika Zibanejad.
12:23 of 2nd period - Shot Misses the Net.
12:25 of 2nd period - Slapshot by Shayne Gostisbehere.
12:25 of 2nd period - Stopped by Petr Mrazek with a rebound.
12:27 of 2nd period - Slapshot by Shayne Gostisbehere.
12:27 of 2nd period - Shot Blocked by Torey Krug.
12:29 of 2nd period - Slapshot by Shayne Gostisbehere.
12:29 of 2nd period - Deflect By Carter Verhaeghe.
12:29 of 2nd period - Shot Misses the Net.
12:29 of 2nd period - Puck is out of play.
12:30 of 2nd period - Jared McCann wins face-off versus Matthew Beniers in Boston Bruins zone.
12:43 of 2nd period - Snap shot by Anders Lee.
12:43 of 2nd period - Stopped by Laurent Brossoit with a rebound.
12:45 of 2nd period - Snap shot by Matthew Beniers.
12:45 of 2nd period - Shot Misses the Net.
13:16 of 2nd period - Ryan Lindgren is hit by Zachary Werenski and loses puck.
13:25 of 2nd period - Wrist shot by Keegan Kolesar.
13:25 of 2nd period - Shot Misses the Net.
13:27 of 2nd period - Snap shot by Kevin Stenlund.
13:27 of 2nd period - Shot Misses the Net.
13:45 of 2nd period - Ryan Lindgren is hit by Zach Bogosian and loses puck.
14:29 of 2nd period - Patrick Kane is hit by Ty Emberson and loses puck.
14:51 of 2nd period - Eetu Luostarinen is hit by Kevin Stenlund and loses puck.
15:16 of 2nd period - Icing by Ryan Lindgren.
15:17 of 2nd period - Matthew Beniers wins face-off versus Tyler Johnson in Boston Bruins zone.
15:27 of 2nd period - Jeff Petry is hit by Ryan Lindgren and loses puck.
15:32 of 2nd period - Snap shot by Vincent Trocheck.
15:32 of 2nd period - Stopped by Laurent Brossoit with a rebound.
15:44 of 2nd period - Christian Fischer is hit by Morgan Geekie and loses puck.
15:53 of 2nd period - Slapshot by Matthew Beniers.
15:53 of 2nd period - Goal by Matthew Beniers - Boston Bruins : 2 - Detroit Red Wings : 1.
15:54 of 2nd period - Andrew Copp wins face-off versus Carter Verhaeghe in neutral zone.
16:21 of 2nd period - Connor Clifton is hit by Jared McCann.
16:43 of 2nd period - Slapshot by MacKenzie Weegar.
16:43 of 2nd period - Shot Misses the Net.
16:49 of 2nd period - Keegan Kolesar is hit by Anders Lee.
17:04 of 2nd period - Icing by MacKenzie Weegar.
17:05 of 2nd period - Tyler Johnson wins face-off versus Andrew Copp in Detroit Red Wings zone.
17:14 of 2nd period - Backhand shot by Zachary Werenski.
17:14 of 2nd period - Stopped by Petr Mrazek without a rebound.
17:15 of 2nd period - Andrew Copp wins face-off versus Carter Verhaeghe in Boston Bruins zone.
17:20 of 2nd period - Snap shot by Carter Verhaeghe.
17:20 of 2nd period - Shot Blocked by Connor Clifton.
17:22 of 2nd period - Wrist shot by Jeff Petry.
17:22 of 2nd period - Shot Misses the Net.
17:24 of 2nd period - Snap shot by Matthew Boldy.
17:24 of 2nd period - Goal by Matthew Boldy - Boston Bruins : 2 - Detroit Red Wings : 2.
17:25 of 2nd period - Mika Zibanejad wins face-off versus Vincent Trocheck in neutral zone.
17:31 of 2nd period - Minor Penalty to Vincent Trocheck for Roughing.
17:32 of 2nd period - Mika Zibanejad wins face-off versus Ryan Strome in Boston Bruins zone.
17:36 of 2nd period - Slapshot by Carter Verhaeghe.
17:36 of 2nd period - Stopped by Petr Mrazek with a rebound.
17:38 of 2nd period - Snap shot by MacKenzie Weegar.
17:38 of 2nd period - Shot Misses the Net.
17:40 of 2nd period - Snap shot by Carter Verhaeghe.
17:40 of 2nd period - Stopped by Petr Mrazek without a rebound.
17:41 of 2nd period - Mika Zibanejad wins face-off versus Ryan Strome in Boston Bruins zone.
17:46 of 2nd period - Snap shot by Matthew Boldy.
17:46 of 2nd period - Stopped by Petr Mrazek with a rebound.
17:48 of 2nd period - Snap shot by Shayne Gostisbehere.
17:48 of 2nd period - Deflect By Matthew Boldy.
17:48 of 2nd period - Stopped by Petr Mrazek with a rebound.
17:54 of 2nd period - Snap shot by Matthew Boldy.
17:54 of 2nd period - Stopped by Petr Mrazek without a rebound.
17:55 of 2nd period - Carter Verhaeghe wins face-off versus Ryan Strome in Boston Bruins zone.
17:56 of 2nd period - Snap shot by Mika Zibanejad.
17:56 of 2nd period - Goal by Mika Zibanejad - Boston Bruins : 2 - Detroit Red Wings : 3.
17:57 of 2nd period - Vincent Trocheck wins face-off versus Mika Zibanejad in neutral zone.
18:24 of 2nd period - MacKenzie Weegar is hit by Evander Kane and loses puck.
19:17 of 2nd period - Snap shot by Tyler Johnson.
19:17 of 2nd period - Shot Misses the Net.
19:19 of 2nd period - Snap shot by Daniel Sprong.
19:19 of 2nd period - Shot Misses the Net.
Goals for this period are 1 for Boston Bruins vs 2 for Detroit Red Wings.
Shots for this period are 9 for Boston Bruins vs 11 for Detroit Red Wings.
3rd period
0:01 of 3rd period - Mika Zibanejad wins face-off versus Vincent Trocheck in neutral zone.
0:06 of 3rd period - Snap shot by Mika Zibanejad.
0:06 of 3rd period - Deflect By Matthew Boldy.
0:06 of 3rd period - Stopped by Petr Mrazek with a rebound.
0:58 of 3rd period - Slapshot by Tyler Johnson.
0:58 of 3rd period - Stopped by Petr Mrazek without a rebound.
0:59 of 3rd period - Vincent Trocheck wins face-off versus Mika Zibanejad in Boston Bruins zone.
1:23 of 3rd period - Icing by Ty Emberson.
1:24 of 3rd period - Steven Stamkos wins face-off versus Andrew Copp in Boston Bruins zone.
1:41 of 3rd period - Snap shot by Patrick Kane.
1:41 of 3rd period - Shot Blocked by Connor Clifton.
2:16 of 3rd period - Matthew Beniers is hit by Zach Bogosian.
2:20 of 3rd period - Snap shot by Anders Lee.
2:20 of 3rd period - Stopped by Laurent Brossoit without a rebound.
2:21 of 3rd period - Andrew Copp wins face-off versus Steven Stamkos in Detroit Red Wings zone.
2:32 of 3rd period - Wrist shot by Evander Kane.
2:32 of 3rd period - Shot Misses the Net.
3:18 of 3rd period - Wrist shot by Morgan Geekie.
3:18 of 3rd period - Shot Misses the Net.
3:38 of 3rd period - Snap shot by Patrick Kane.
3:38 of 3rd period - Deflect By Steven Stamkos.
3:38 of 3rd period - Stopped by Petr Mrazek without a rebound.
3:39 of 3rd period - Steven Stamkos wins face-off versus Vincent Trocheck in Boston Bruins zone.
3:56 of 3rd period - Slapshot by Patrick Kane.
3:56 of 3rd period - Stopped by Petr Mrazek with a rebound.
4:02 of 3rd period - Minor Penalty to Vincent Trocheck for Tripping.
4:03 of 3rd period - Joel Farabee wins face-off versus Mika Zibanejad in Boston Bruins zone.
4:36 of 3rd period - Snap shot by Joel Farabee.
4:36 of 3rd period - Stopped by Laurent Brossoit without a rebound.
4:37 of 3rd period - Steven Stamkos wins face-off versus Ryan Strome in Detroit Red Wings zone.
5:46 of 3rd period - Ryan Strome is hit by Matthew Boldy and loses puck.
6:02 of 3rd period - Penalty to Vincent Trocheck is over, Vincent Trocheck is back on ice.
6:07 of 3rd period - Morgan Geekie is hit by Tyler Johnson and loses puck.
6:14 of 3rd period - Wrist shot by Tyler Johnson.
6:14 of 3rd period - Shot Blocked by Vincent Trocheck.
6:16 of 3rd period - Snap shot by Christian Fischer.
6:16 of 3rd period - Shot Blocked by Torey Krug.
6:18 of 3rd period - Snap shot by Christian Fischer.
6:18 of 3rd period - Stopped by Petr Mrazek without a rebound.
6:19 of 3rd period - Steven Stamkos wins face-off versus Vincent Trocheck in Boston Bruins zone.
7:27 of 3rd period - Evander Kane is hit by Zachary Werenski and loses puck.
7:42 of 3rd period - Shayne Gostisbehere is hit by Ryan Strome.
8:04 of 3rd period - Eetu Luostarinen is hit by Patrick Kane.
8:42 of 3rd period - Slapshot by Kevin Stenlund.
8:42 of 3rd period - Stopped by Petr Mrazek with a rebound.
8:50 of 3rd period - Icing by Kevin Stenlund.
8:51 of 3rd period - Kevin Stenlund wins face-off versus Andrew Copp in Detroit Red Wings zone.
8:57 of 3rd period - Icing by Torey Krug.
8:58 of 3rd period - Mika Zibanejad wins face-off versus Andrew Copp in Boston Bruins zone.
9:01 of 3rd period - Snap shot by Matthew Boldy.
9:01 of 3rd period - Stopped by Petr Mrazek with a rebound.
9:27 of 3rd period - Slapshot by Steven Stamkos.
9:27 of 3rd period - Shot Misses the Net.
9:49 of 3rd period - Slapshot by Anders Lee.
9:49 of 3rd period - Deflect By Morgan Geekie.
9:49 of 3rd period - Shot Blocked by Christian Fischer.
9:49 of 3rd period - Puck is out of play.
9:50 of 3rd period - Tyler Johnson wins face-off versus Andrew Copp in Detroit Red Wings zone.
10:14 of 3rd period - Joel Farabee is hit by Zachary Werenski and loses puck.
11:03 of 3rd period - Snap shot by Joel Farabee.
11:03 of 3rd period - Shot Misses the Net.
11:05 of 3rd period - Wrist shot by Andrew Copp.
11:05 of 3rd period - Stopped by Laurent Brossoit with a rebound.
11:09 of 3rd period - Snap shot by Joel Farabee.
11:09 of 3rd period - Stopped by Laurent Brossoit with a rebound.
11:11 of 3rd period - Wrist shot by Joel Farabee.
11:11 of 3rd period - Stopped by Laurent Brossoit without a rebound.
11:12 of 3rd period - Mika Zibanejad wins face-off versus Vincent Trocheck in Detroit Red Wings zone.
12:15 of 3rd period - Snap shot by Alex Newhook.
12:15 of 3rd period - Stopped by Laurent Brossoit with a rebound.
12:17 of 3rd period - Slapshot by Yegor Zamula.
12:17 of 3rd period - Shot Misses the Net.
12:19 of 3rd period - Slapshot by Alex Newhook.
12:19 of 3rd period - Shot Blocked by Shayne Gostisbehere.
12:21 of 3rd period - Slapshot by Ryan Strome.
12:21 of 3rd period - Stopped by Laurent Brossoit with a rebound.
12:23 of 3rd period - Snap shot by Vincent Trocheck.
12:23 of 3rd period - Stopped by Laurent Brossoit without a rebound.
12:24 of 3rd period - Matthew Beniers wins face-off versus Mika Zibanejad in Detroit Red Wings zone.
12:29 of 3rd period - Snap shot by Morgan Geekie.
12:29 of 3rd period - Shot Misses the Net.
12:31 of 3rd period - Snap shot by Morgan Geekie.
12:31 of 3rd period - Goal by Morgan Geekie - Boston Bruins : 3 - Detroit Red Wings : 3.
12:32 of 3rd period - Mika Zibanejad wins face-off versus Joel Farabee in neutral zone.
12:57 of 3rd period - Matthew Beniers is hit by Patrick Kane.
13:03 of 3rd period - Wrist shot by Jared McCann.
13:03 of 3rd period - Shot Misses the Net.
13:23 of 3rd period - Ty Emberson is hit by Shayne Gostisbehere and loses puck.
13:36 of 3rd period - Keegan Kolesar is hit by Vincent Trocheck and loses puck.
14:07 of 3rd period - Snap shot by Joel Farabee.
14:07 of 3rd period - Shot Misses the Net.
14:32 of 3rd period - Minor Penalty to Anders Lee for Slashing.
14:33 of 3rd period - Mika Zibanejad wins face-off versus Ryan Strome in Boston Bruins zone.
14:33 of 3rd period - Snap shot by Matthew Boldy.
14:33 of 3rd period - Deflect By Carter Verhaeghe.
14:33 of 3rd period - Shot Misses the Net.
14:33 of 3rd period - Puck is out of play.
14:34 of 3rd period - Ryan Strome wins face-off versus Mika Zibanejad in Boston Bruins zone.
14:34 of 3rd period - Ryan Strome is hit by Matthew Boldy.
14:40 of 3rd period - Wrist shot by Mika Zibanejad.
14:40 of 3rd period - Shot Misses the Net.
14:42 of 3rd period - Snap shot by Mika Zibanejad.
14:42 of 3rd period - Shot Misses the Net.
14:44 of 3rd period - Snap shot by Mika Zibanejad.
14:44 of 3rd period - Shot Blocked by Ryan Lindgren.
14:46 of 3rd period - Snap shot by MacKenzie Weegar.
14:46 of 3rd period - Shot Blocked by Ryan Strome.
15:06 of 3rd period - Snap shot by Andrew Copp.
15:06 of 3rd period - Stopped by Laurent Brossoit with a rebound.
15:22 of 3rd period - Mika Zibanejad is hit by Joel Farabee.
15:57 of 3rd period - Double Minor Penalty to Steven Stamkos for High sticking.
15:58 of 3rd period - Vincent Trocheck wins face-off versus Mika Zibanejad in Detroit Red Wings zone.
16:00 of 3rd period - Snap shot by Vincent Trocheck.
16:00 of 3rd period - Stopped by Laurent Brossoit with a rebound.
16:08 of 3rd period - Wrist shot by Mika Zibanejad.
16:08 of 3rd period - Shot Blocked by Matthew Beniers.
16:10 of 3rd period - Wrist shot by Mika Zibanejad.
16:10 of 3rd period - Stopped by Petr Mrazek with a rebound.
16:32 of 3rd period - Penalty to Anders Lee is over, Anders Lee is back on ice.
16:40 of 3rd period - Snap shot by Joel Farabee.
16:40 of 3rd period - Stopped by Laurent Brossoit with a rebound.
16:56 of 3rd period - Slapshot by Torey Krug.
16:56 of 3rd period - Shot Blocked by Shayne Gostisbehere.
16:58 of 3rd period - Backhand shot by Ryan Strome.
16:58 of 3rd period - Shot Blocked by Shayne Gostisbehere.
17:00 of 3rd period - Snap shot by Joel Farabee.
17:00 of 3rd period - Shot Misses the Net.
17:13 of 3rd period - Snap shot by Torey Krug.
17:13 of 3rd period - Deflect By Ryan Strome.
17:13 of 3rd period - Shot Misses the Net.
17:13 of 3rd period - Puck is out of play.
17:14 of 3rd period - Vincent Trocheck wins face-off versus Mika Zibanejad in Detroit Red Wings zone.
17:19 of 3rd period - Snap shot by Alex Newhook.
17:19 of 3rd period - Goal by Alex Newhook - Boston Bruins : 4 - Detroit Red Wings : 3.
17:20 of 3rd period - Vincent Trocheck wins face-off versus Kevin Stenlund in neutral zone.
19:19 of 3rd period - Penalty to Steven Stamkos is over, Steven Stamkos is back on ice.
19:21 of 3rd period - Detroit Red Wings, Laurent Brossoit is pulled from the net.
19:47 of 3rd period - Wrist shot by Anders Lee.
19:47 of 3rd period - Shot Blocked by Jared McCann.
19:53 of 3rd period - Wrist shot by Steven Stamkos.
19:53 of 3rd period - Stopped by Petr Mrazek with a rebound.
19:55 of 3rd period - Wrist shot by Steven Stamkos.
19:55 of 3rd period - Shot Hit the Post.
19:57 of 3rd period - Snap shot by Zachary Werenski.
19:57 of 3rd period - Deflect By Steven Stamkos.
19:57 of 3rd period - Stopped by Petr Mrazek with a rebound.
19:59 of 3rd period - Slapshot by Zach Bogosian.
19:59 of 3rd period - Shot Misses the Net.
Goals for this period are 2 for Boston Bruins vs 0 for Detroit Red Wings.
Shots for this period are 13 for Boston Bruins vs 10 for Detroit Red Wings.
Back to the Top